 Dungeon Crawl Stone Soup version 0.16.2-12-gd0ad4c3 (webtiles) character file.

486793 hannobal the Phalangite (level 26, -13/204 HPs)
             Began as a Formicid Fighter on Oct 8, 2015.
             Was the Champion of Fedhas.
             Splashed with acid (26 damage)
             ... on level 4 of the Pits of Slime on Oct 11, 2015.
             The game lasted 08:16:59 (84597 turns).

hannobal the Phalangite (Formicid Fighter)         Turns: 84597, Time: 08:16:59

Health: -13/204    AC: 20    Str: 28    XL:     26   Next: 22%
Magic:  33/33      EV: 13    Int: 11    God:    Fedhas [******]
Gold:   548        SH: 20    Dex: 14    Spells: 5 memorised, 14 levels left

rFire  + . .     SeeInvis +     a - +8 bardiche (freeze)
rCold  + + +     Clarity  +     p - +10 plate armour of the Buccaneer {rPois rF+ Int+2}
rNeg   . . .     SustAb   .     s - +5 shield {AC+3}
rPois  +         Gourm    .     (helmet unavailable)
rElec  .         Spirit   .     j - +2 cloak {MR+}
rCorr  .         Warding  .     C - +2 pair of gloves
rMut   +         Stasis   +     D - +2 pair of boots {run}
MR     +++..                    M - amulet of resist mutation
Stlth  ..........               k - ring of protection from cold
                                f - ring of protection from cold

@: corroded equipment, quick, extremely resistant to hostile enchantments,
extremely unstealthy
A: permanent stasis, dig shafts and tunnels, four strong arms, antennae 3,
clarity, cold resistance 1, deformed body, low mp 1
a: Dig, Shaft Self, Evolution, Sunlight, Growth, Reproduction, Rain, Renounce
Religion
}: 2/15 runes: barnacled, gossamer


You were on level 4 of the Pits of Slime.
You worshipped Fedhas.
Fedhas was exalted by your worship.
You were not hungry.

You visited 11 branches of the dungeon, and saw 55 of its levels.
You also visited: Ice Cave.

You collected 7495 gold pieces.
You spent 6947 gold pieces at shops.

Inventory:

Hand weapons
 a - a +8 bardiche of freezing (weapon)
 b - the +6 arbalest of Paper {flame, -Tele rC+ Int+4 Dex+6}
   (You found it on level 3 of the Vaults)

   It causes projectiles fired from it to burn those they strike, causing extra
   injury to most foes and up to half again as much damage against particularly
   susceptible opponents.
   It affects your intelligence (+4).
   It affects your dexterity (+6).
   It protects you from cold.
   It prevents most forms of teleportation.
 g - a +0 blowgun
Missiles
 t - 8 curare-tipped needles
 u - 15 javelins (quivered)
 T - 12 bolts of penetration
 Z - 1050 bolts
Armour
 j - a +2 cloak of magic resistance (worn)
 p - the +10 plate armour of the Buccaneer (worn) {rPois rF+ Int+2}
   (You bought it in a shop on level 2 of the Vaults)

   It affects your intelligence (+2).
   It protects you from fire.
   It protects you from poison.
 s - a +5 shield of protection (worn)
 C - a +2 pair of gloves (worn)
 D - a +2 pair of boots of running (worn)
Jewellery
 f - a ring of protection from cold (left hand)
 k - a ring of protection from cold (right hand)
 m - an uncursed ring of protection from fire
 n - the ring of Jolosh {+Fly rN+ Int-2 SInv Stlth+}
   (You found it on level 5 of the Shoals)

   [ring of positive energy]

   It affects your intelligence (-2).
   It protects you from negative energy.
   It enhances your eyesight.
   It lets you fly.
   It makes you more stealthy.
 q - the ring "Khi Neir" {SustAb +Blink +Inv rF- rN+}
   (You bought it in a shop on level 1 of the Elven Halls)

   [ring of sustain abilities]

   It sustains your strength, intelligence and dexterity.
   It makes you vulnerable to fire.
   It protects you from negative energy.
   It lets you turn invisible.
   It lets you blink.
 v - the ring "Bodattyt" {MR+ Str+4}
   (You found it on level 1 of the Depths)

   [ring of strength]

   It affects your strength (+4).
   It affects your resistance to hostile enchantments.
 A - the amulet of Accord {Ward rF+ rN+ MR+}
   (You bought it in a shop on level 4 of the Orcish Mines)

   [amulet of warding]

   It may prevent the melee attacks of summoned creatures.
   It protects you from fire.
   It protects you from negative energy.
   It affects your resistance to hostile enchantments.
 E - the amulet "Shrus" {Stasis -Cast rElec Stlth+}
   (You bought it in a shop on level 4 of the Orcish Mines)

   [amulet of stasis]

   It prevents you from being teleported, slowed, hasted or paralysed.
   It insulates you from electricity.
   It prevents spellcasting.
   It makes you more stealthy.
 K - an uncursed amulet of resist corrosion
 M - an amulet of resist mutation (around neck)
 R - an uncursed amulet of regeneration
Magical devices
 y - a wand of polymorph (9)
 B - a wand of polymorph (8)
 S - a wand of disintegration (12)
Scrolls
 c - a scroll of holy word
 i - 11 scrolls of identify
 l - 7 scrolls of recharging
 o - 11 scrolls of fear
 r - 17 scrolls of remove curse
 z - a scroll of silence
 N - 6 scrolls of magic mapping
 O - 2 scrolls of summoning
 W - 9 scrolls of fog
Potions
 h - 6 potions of agility
 w - 5 potions of might
 I - a potion of resistance
 J - 15 potions of curing
 P - 2 potions of cancellation
 Q - 4 potions of magic
 U - 3 potions of heal wounds
 V - 9 potions of invisibility
 X - a potion of restore abilities
Miscellaneous
 e - a legendary deck of summoning {the Crusade}
 G - a fan of gales
 H - a phantom mirror
 L - a phial of floods
Comestibles
 d - 5 bread rations {@e1}
 x - 27 meat rations {@e2}
 F - 27 fruits {!e}


   Skills:
 - Level 16.0 Fighting
   Level 12.0(20.2) Axes
 - Level 25.4(26.1) Polearms
 - Level 11.0 Crossbows
 - Level 3.0 Throwing
 - Level 15.0 Armour
 - Level 10.0 Dodging
 - Level 15.0 Shields
 - Level 4.0 Spellcasting
 - Level 0.2 Hexes
 - Level 0.2 Charms
 - Level 9.1 Translocations
 - Level 10.0 Invocations
 + Level 11.3 Evocations


You had 14 spell levels left.
You knew the following spells:

 Your Spells              Type           Power        Failure   Level  Hunger
a - Apportation           Tloc           ###.......   3%          1    #......
d - Deflect Missiles      Chrm/Air       #.........   100%        6    #######
g - Passage of Golubria   Tloc           N/A          34%         4    #####..
p - Portal Projectile     Tloc           ###...       12%         3    ###....
s - Silence               Hex/Air        #.........   100%        5    ######.


Dungeon Overview and Level Annotations

Branches:
Dungeon (15/15)            Temple (1/1) D:7            Lair (8/8) D:11
 Shoals (5/5) Lair:5       Spider (5/5) Lair:4        Slime (4/6) Lair:7
    Orc (4/4) D:10            Elf (3/3) Orc:4        Vaults (4/5) D:14
  Crypt (0/3) Vaults:3     Depths (5/5) D:15           Hell (1/1)
    Zot (0/5) Depths:5
    Dis: Hell:1         Geh: Hell:1         Coc: Hell:1         Tar: Hell:1

Altars:
Ashenzari
Cheibriados
Dithmenos
Fedhas
Gozag
Kikubaaqudgha
Makhleb
Nemelex Xobeh
Okawaru
Ru
Trog
Vehumet
Yredelemnul
Zin
Beogh
Jiyva

Shops:
D:7 *   D:9 *:%[(   D:10 [   D:15 [   Orc:1 *   Orc:2 *(=*   Orc:4 =([=
Elf:1 =   Elf:2 %   Shoals:5 [   Vaults:1 %%   Vaults:2 [   Vaults:4 *

Portals:
Hell: Depths:1 Depths:2 Depths:3 Depths:4 Depths:5
Abyss: Depths:1 Depths:2 Depths:3 Depths:4
Pandemonium: Depths:1 Depths:3 Depths:5
Ziggurat: Depths:5

Annotations:
D:4 exclusion: statue
Elf:2 exclusion: 3 doors
Depths:5 exclusion: toadstool


Innate Abilities, Weirdness & Mutations

You are under a permanent stasis effect.
You can dig through walls and to a lower floor.
Your four strong arms can wield two-handed weapons with a shield.
You have a pair of large antennae on your head (SInv).
You possess an exceptional clarity of mind.
Your flesh is cold resistant.
Armour fits poorly on your strangely shaped body.
Your magical capacity is low (-10% MP).


Message History

The azure jelly is heavily wounded.
The wall burns you! You block the azure jelly's attack.
You block the azure jelly's attack. x2
The azure jelly hits you but does no damage.
You barely miss the azure jelly.
The azure jelly is heavily wounded.
The wall burns you! You block the azure jelly's attack.
You block the azure jelly's attack. x2
The azure jelly hits you but does no damage.
You cut the azure jelly into ribbons!!! You freeze the azure jelly!
You kill the azure jelly!
The wall burns you! The walls burn you! The walls burn you!
* * * LOW HITPOINT WARNING * * *
The walls burn you!
* * * LOW HITPOINT WARNING * * *
The walls burn you!
You die...
Fedhas appreciates your contribution to the ecosystem.

... #....#.###...###
...##....##.......#
..........#.......####.
##.........>........
#....##.#.....#.##.
##....##.....#.#
#......####.#.##
......#....#.# #.### .
...#.#.....####@# ...
.. . #........#.###....
. #.#.................
...#.#......<......#
#......#..............
....###....#......###
.##...###...##.....#
.... .###. ##.... .. ..
.. ...


There were no monsters in sight!

Vanquished Creatures
  An ancient lich (Depths:4)
  Saint Roka (Vaults:1)
  2 golden dragons
  A golden dragon (shapeshifter) (Vaults:2)
  Arachne (Spider:2)
  Nikola (Shoals:2)
  3 liches
  Asterion (Vaults:1)
  A quicksilver dragon (Depths:4)
  3 acid blobs
  2 octopode crushers (Depths:3)
  Polyphemus (Shoals:3)
  A kraken (Shoals:5)
  3 sphinxes
  Agnes (Shoals:3)
  2 tengu reavers
  3 shadow dragons (Depths:5)
  Kirke (Shoals:3)
  6 fire giants
  2 azure jellies
  Ilsuiw (Shoals:5)
  11 frost giants
  Donald (Orc:4)
  Wiglaf (Shoals:3)
  4 deep elf sorcerers
  A draconian scorcher (Depths:5)
  3 orc warlords
  Aizul (Shoals:1)
  9 vault wardens
  12 emperor scorpions
  8 ghost moths
  2 cacodemons
  Jorgrun (Vaults:3)
  A spriggan defender (Depths:5)
  27 very ugly things
  10 stone giants
  11 ironheart preservers
  A war gargoyle (Vaults:2)
  Snorg (Orc:4)
  A draconian caller (Depths:5)
  2 vampire knights
  A deep elf annihilator (Depths:5)
  2 deep elf demonologists (Elf:3)
  A red draconian (Depths:5)
  3 dire elephants
  6 rakshasas
  A black draconian (Depths:5)
  A mottled draconian (Depths:5)
  3 green draconians (Depths:5)
  A lorocyproca (Elf:3)
  A yellow draconian (Depths:5)
  14 vault guards
  Nessos (D:11)
  2 merfolk javelineers
  17 ettins
  10 fire dragons
  4 deep elf death magi
  An eidolon (Depths:4)
  4 minotaurs
  4 great orbs of eyes
  14 merfolk impalers
  3 deep elf high priests
  11 ice dragons
  Fannar (D:10)
  9 yaktaur captains
  4 spriggan air magi
  12 hydras
  A monstrous demonspawn (Depths:5)
  4 catoblepae
  3 merfolk avatars
  5 deep troll earth magi
  11 centaur warriors
  An alligator snapping turtle (Shoals:5)
  An anaconda (shapeshifter) (Vaults:2)
  4 orc high priests
  32 death yaks
  A hell beast (Depths:5)
  8 deep troll shamans
  A vampire mage (Depths:4)
  8 ogre magi
  6 merfolk aquamancers
  2 satyrs
  3 dancing weapons (Depths:4)
  4 soul eaters
  A spriggan berserker (Depths:5)
  2 titan skeletons
  2 fire crabs
  19 deep trolls
  12 skeletal warriors
  16 deep elf knights
  4 shadow wraiths
  6 flayed ghosts
  6 wizards
  A storm dragon skeleton (Vaults:4)
  3 ice devils
  7 sea snakes
  4 hell knights (Depths:2)
  2 lindwurms (Lair:8)
  The ghost of Charly the Cleaver, an experienced VSWr of Makhleb (IceCv)
  11 deep elf summoners
  2 iron trolls (Depths:2)
  9 giant orange brains
  A shadow demon (Depths:1)
  2 unseen horrors
  9 necromancers
  2 ice statues (IceCv)
  16 deep elf conjurers
  14 harpies
  6 hill giants
  13 ironbrand convokers
  A torturous demonspawn (Depths:1)
  11 orc knights
  2 mana vipers (Depths:4)
  A death drake (Depths:4)
  2 mana vipers (shapeshifter)
  A wolf spider zombie (D:15)
  15 orb spiders
  13 hornets
  37 ugly things
  4 orc sorcerers
  11 manticores
  8 cyclopes
  14 fauns
  3 shining eyes
  3 water nymphs
  3 sixfirhies (Elf:1)
  29 wolf spiders
  A tengu skeleton (Vaults:1)
  An iron dragon skeleton (Vaults:1)
  An elephant (shapeshifter) (Vaults:4)
  8 phantasmal warriors
  9 elephants
  2 rust devils
  A water nymph (shapeshifter) (Vaults:2)
  15 griffons
  5 moths of wrath
  2 octopodes (shapeshifter)
  A frost giant skeleton (Vaults:2)
  4 black mambas
  2 fire giant skeletons
  3 moths of wrath (shapeshifter)
  A black mamba (shapeshifter) (Vaults:2)
  8 sirens
  A stone giant skeleton (Depths:1)
  15 vault sentinels
  3 gargoyles
  8 centaur skeletons
  A naga mage (D:15)
  11 torpor snails
  2 orange crystal statues (Depths:4)
  A guardian serpent (shapeshifter) (Depths:2)
  Psyche (D:8)
  13 spiny frogs
  A queen ant (Spider:2)
  A hyperactive ballistomycete (Orc:4)
  3 fire drakes (Lair:7)
  10 demonic crawlers
  4 komodo dragons
  A storm dragon simulacrum (Vaults:2)
  7 kobold demonologists
  5 human skeletons
  50 yaktaurs
  2 spectral merfolk (Depths:4)
  An anaconda simulacrum (Depths:4)
  7 deep elf priests
  A komodo dragon (shapeshifter) (D:15)
  4 red devils
  A tengu conjurer (Depths:3)
  2 wind drakes
  7 trolls
  53 merfolk
  3 polar bears
  3 giant leeches (Lair:8)
  4 freezing wraiths
  21 jumping spiders
  16 blink frogs
  Grinder (D:3)
  A wolf spider simulacrum (Vaults:2)
  35 slime creatures
  11 two-headed ogres
  13 blue devils
  8 snapping turtles
  A stone giant simulacrum (Vaults:1)
  7 basilisks
  8 boulder beetles
  2 raiju (Depths:4)
  6 shadows
  21 trapdoor spiders
  21 deep elf magi
  25 tarantellas
  A spriggan (D:7)
  A trapdoor spider (shapeshifter) (Depths:2)
  48 redbacks
  A ynoxinul (Depths:5)
  21 water elementals
  A fire dragon skeleton (Depths:1)
  A yak (shapeshifter) (D:13)
  4 wyverns
  9 vampires
  3 hogs
  Eustachio (D:5)
  A neqoxec (Depths:5)
  53 yaks
  2 hungry ghosts
  15 hippogriffs
  A deep troll skeleton (Depths:1)
  Grum (Orc:2)
  14 vampire mosquitoes
  A hippogriff (shapeshifter) (Vaults:2)
  A golden eye (shapeshifter) (Depths:3)
  A steam dragon (Lair:1)
  2 chaos spawn
  10 wraiths
  24 wolves
  16 soldier ants
  Edmund (D:9)
  27 deep elf fighters
  5 porcupines
  5 hell hounds (Depths:4)
  14 wargs
  A minotaur simulacrum (Depths:4)
  A spectral troll (Depths:4)
  3 sky beasts
  3 spectral spriggans (Depths:4)
  An ogre (shapeshifter) (Depths:1)
  2 phantoms (D:6)
  15 ice beasts
  13 wasps
  23 water moccasins
  60 orc warriors
  2 slaves (D:6)
  2 black bears
  30 spiders
  An ettin simulacrum (Vaults:1)
  3 boggarts
  39 ogres
  4 eyes of draining
  2 big kobolds (Vaults:1)
  A snapping turtle skeleton (Depths:4)
  17 centaurs
  14 crocodiles
  Sigmund (D:5)
  Duvessa (D:6)
  A boring beetle (Spider:2)
  Blork the orc (D:9)
  4 brain worms (Lair:8)
  24 giant frogs
  6 scorpions
  2 wyvern skeletons (D:11)
  2 spectral ogres (Depths:4)
  19 killer bees
  3 spectral nagas (Depths:4)
  5 wights
  8 jellies
  2 spectral centaurs (Depths:4)
  4 electric eels
  40 orc priests
  2 goliath beetles
  4 quasits
  2 centaur zombies (D:8)
  8 crimson imps
  4 giant frog skeletons
  6 hounds
  6 iguanas
  47 orc wizards
  5 iron imps
  A yak simulacrum (D:11)
  2 wolf simulacra (D:11)
  6 hell rats
  24 sheep
  36 worker ants
  A centaur simulacrum (Depths:4)
  A hound skeleton (D:6)
  2 mummies
  33 adders
  A worker ant zombie (D:9)
  8 white imps
  84 river rats
  4 shadow imps
  19 worms
  11 ufetubi
  An adder skeleton (D:5)
  7 giant geckos
  2 oozes
  214 orcs
  14 bats
  2 bat skeletons
  7 giant cockroaches
  A hobgoblin (shapeshifter) (Vaults:2)
  26 hobgoblins
  23 jackals
  13 kobolds
  7 quokkas
  A ball python (D:5)
  5 giant newts
  5 giant spores (Orc:4)
  20 goblins
  A jackal skeleton (D:8)
  20 rats
  A river rat simulacrum (D:11)
  3 toadstools (Orc:4)
2523 creatures vanquished.

Vanquished Creatures (collateral kills)
  Mara (Vaults:3)
  Frederick (Vaults:2)
  Rupert (Lair:8)
  2 vault wardens (Vaults:3)
  2 emperor scorpions (Spider:5)
  An ironheart preserver (Vaults:1)
  A merfolk javelineer (Shoals:5)
  A merfolk impaler (Shoals:1)
  2 vault guards
  A hydra (Lair:5)
  Erica (Orc:4)
  A catoblepas (Shoals:3)
  2 centaur warriors
  A deep troll shaman (D:14)
  2 orc high priests
  9 death yaks
  Nergalle (D:15)
  A skeletal warrior (Vaults:1)
  An ironbrand convoker (Vaults:1)
  Pikel (D:6)
  A deep elf conjurer (Elf:1)
  3 orc sorcerers
  3 griffons
  3 orb spiders (Spider:5)
  6 wolf spiders
  2 orc knights
  A faun (Shoals:3)
  2 ugly things (Vaults:2)
  A guardian serpent (Lair:8)
  A water nymph (Shoals:5)
  3 spiny frogs
  A vault sentinel (Vaults:3)
  Joseph (D:9)
  A torpor snail (Lair:7)
  3 centaur skeletons
  A komodo dragon (Lair:5)
  A fire drake (Lair:7)
  11 wandering mushrooms
  3 trapdoor spiders
  A troll (Orc:3)
  4 yaktaurs
  A snapping turtle (Shoals:5)
  2 jumping spiders (Spider:5)
  2 two-headed ogres
  2 blink frogs (Lair:6)
  A slime creature (D:13)
  A centaur simulacrum (D:15)
  A tarantella (Spider:2)
  4 redbacks
  3 hippogriffs
  A ynoxinul (D:13)
  4 yaks
  A hungry ghost (D:12)
  A deep elf fighter (Elf:2)
  A warg (Vaults:3)
  A wolf (Lair:5)
  2 water moccasins
  2 porcupines
  6 orc warriors
  2 spiders
  A wasp (D:12)
  A boggart (Vaults:2)
  3 ogres
  A phantom (D:10)
  2 centaurs
  2 boring beetles
  5 crocodiles
  A big kobold (Vaults:1)
  A wyvern skeleton (D:15)
  7 killer bees
  A wight (D:7)
  2 crimson imps
  Dowan (D:6)
  A jelly (Slime:2)
  3 hounds
  5 orc priests
  8 orc wizards
  A polar bear simulacrum (D:11)
  2 iguanas
  4 yak simulacra (D:11)
  5 sheep
  A worker ant (D:14)
  7 adders
  9 river rats
  A shadow imp (D:13)
  48 orcs
  2 bats
  A hobgoblin (D:11)
  3 jackals
  A quokka (Lair:5)
  A giant gecko (D:10)
  2 giant spores
  3 goblins
  A kobold (Vaults:1)
  2 rats
  2 river rat simulacra (D:11)
  5 toadstools
270 creatures vanquished.

Vanquished Creatures (others)
  4 oklob plants
  Maud (Depths:4)
  A wolf spider zombie (D:15)
  2 drowned souls (Shoals:2)
  6 hyperactive ballistomycetes (Orc:4)
  An air elemental (Shoals:5)
  A two-headed ogre (Depths:3)
  A neqoxec (Orc:4)
  2 humans (Shoals:3)
  An orc warrior (Orc:4)
  4 centaurs (Depths:3)
  An ogre (Depths:4)
  A lost soul (Depths:5)
  2 orc wizards
  An adder (D:6)
  2 white imps (IceCv)
  An ufetubus (IceCv)
  3 orcs (Orc:4)
  A kobold (D:6)
  A rat (D:6)
  118 wandering mushrooms
  8 ballistomycetes (Orc:4)
  A bush (Lair:5)
  36 fungi
  58 plants
  9 tentacles (Shoals:5)
  94 tentacle segments (Shoals:5)
  2254 toadstools
2615 creatures vanquished.

Grand Total: 5408 creatures vanquished

Notes
Turn   | Place    | Note
--------------------------------------------------------------
     0 | D:1      | hannobal, the Formicid Fighter, began the quest for the Orb.
     0 | D:1      | Reached XP level 1. HP: 18/18 MP: 1/1
    31 | D:1      | You fall through a shaft!
    39 | D:2      | Reached XP level 2. HP: 22/24 MP: 3/3
   157 | D:2      | Reached XP level 3. HP: 29/29 MP: 4/4
   184 | D:1      | Reached skill level 1 in Dodging
   337 | D:1      | Reached skill level 4 in Shields
   801 | D:2      | Reached XP level 4. HP: 32/35 MP: 5/5
  1850 | D:3      | Noticed Grinder
  2101 | D:3      | Reached XP level 5. HP: 33/41 MP: 7/7
  2379 | D:3      | Found a bloodstained altar of Trog.
  2392 | D:3      | Reached skill level 1 in Axes
  2406 | D:3      | Found a blossoming altar of Fedhas.
  2406 | D:3      | Found an ancient bone altar of Kikubaaqudgha.
  2413 | D:3      | Became a worshipper of Fedhas Madash
  2501 | D:3      | Killed Grinder
  2501 | D:3      | Reached XP level 6. HP: 30/47 MP: 8/8
  2501 | D:3      | Reached XP level 7. HP: 33/52 MP: 9/9
  2562 | D:3      | Found a glowing silver altar of Zin.
  2962 | D:3      | Reached skill level 5 in Axes
  3100 | D:4      | Reached skill level 1 in Evocations
  3153 | D:4      | Reached skill level 1 in Invocations
  3401 | D:4      | Found a staircase to the Ecumenical Temple.
  3458 | D:4      | Reached skill level 6 in Axes
  3460 | D:4      | Found an opulent altar of Gozag.
  3478 | D:4      | Reached XP level 8. HP: 47/58 MP: 12/12
  3592 | D:4      | Found a radiant altar of Vehumet.
  3710 | D:5      | Entered Level 5 of the Dungeon
  3713 | D:5      | Noticed Eustachio
  3726 | D:5      | Killed Eustachio
  3779 | D:5      | Acquired Fedhas' first power
  3808 | D:5      | Reached skill level 7 in Axes
  3864 | D:5      | Noticed Sigmund
  3884 | D:5      | Killed Sigmund
  3971 | D:5      | Reached skill level 8 in Axes
  4246 | D:5      | Reached XP level 9. HP: 46/64 MP: 14/14
  4276 | D:5      | Reached skill level 9 in Axes
  4411 | D:5      | Found a sacrificial altar of Ru.
  4799 | D:5      | Reached skill level 10 in Axes
  5026 | D:6      | Acquired Fedhas' second power
  5232 | D:6      | Noticed Dowan
  5233 | D:6      | Noticed Duvessa
  5233 | D:6      | Noticed Pikel
  5251 | D:6      | Killed Dowan
  5260 | D:6      | Killed Pikel
  5264 | D:6      | Killed Duvessa
  5539 | D:6      | Reached skill level 11 in Axes
  5577 | D:6      | Found a basalt altar of Yredelemnul.
  5756 | D:6      | Reached skill level 5 in Shields
  5959 | D:6      | Found an iron altar of Okawaru.
  6314 | D:7      | Reached XP level 10. HP: 57/70 MP: 15/15
  6823 | D:7      | Found a basalt altar of Yredelemnul.
  6850 | D:7      | Found a staircase to the Ecumenical Temple.
  6865 | Temple   | Entered the Ecumenical Temple
  6874 | D:7      | Reached skill level 12 in Axes
  6909 | D:7      | Found Ghykhlyu's Assorted Antiques.
  6928 | D:7      | Bought a glowing bardiche for 297 gold pieces
  6969 | D:7      | Found a burning altar of Makhleb.
  6973 | D:7      | Reached skill level 5 in Polearms
  6974 | D:7      | Acquired Fedhas' third power
  7278 | D:7      | Found a sparkling altar of Nemelex Xobeh.
  7453 | D:8      | Got a transparent quarterstaff
  7454 | D:8      | Identified the cursed -1 quarterstaff "Egg" {drain, -Cast rPois rN+ MP+9 SInv} (You found it on level 8 of the Dungeon)
  7793 | D:8      | Got an ebony trident
  7794 | D:8      | Identified the +5 trident "Twunizo" {pierce, Int+4} (You found it on level 8 of the Dungeon)
  7847 | D:8      | Noticed Psyche
  7851 | D:8      | Killed Psyche
  7910 | D:8      | Found a shattered altar of Ashenzari.
  8012 | D:8      | Found a snail-covered altar of Cheibriados.
  8218 | D:8      | Noticed a griffon
  8226 | D:8      | Killed a griffon
  8226 | D:8      | Reached skill level 5 in Fighting
  8234 | D:8      | Got a glittering brass amulet
  8235 | D:8      | Identified the amulet "Bryokod" {Faith +Fly rF+ MR+ Str+4 Dex-3} (You found it on level 8 of the Dungeon)
  8275 | D:8      | Got a pair of blackened gloves
  8276 | D:8      | Identified the +0 pair of gloves of the Pleiades {+Inv rCorr Str-4} (You found it on level 8 of the Dungeon)
  8410 | D:8      | Reached XP level 11. HP: 65/81 MP: 17/17
  8432 | D:8      | Noticed a cyclops
  8451 | D:8      | Killed a cyclops
  8746 | D:9      | Reached skill level 5 in Armour
  8839 | D:9      | Found Psialute's Antique Armour Shoppe.
  8842 | D:9      | Found Hasafo's Weapon Shoppe.
  8999 | D:9      | Noticed Joseph
  8999 | D:9      | Noticed Blork the orc
  9268 | D:9      | Killed Blork the orc
  9285 | D:9      | Killed Joseph
  9660 | D:9      | Identified a +1 pair of boots of running (You found it on level 9 of the Dungeon)
  9765 | D:9      | Found Mooxaiwu's Assorted Antiques.
  9773 | D:9      | Found Yrraleg's Book Boutique.
  9795 | D:9      | Acquired Fedhas' fourth power
  9867 | D:9      | Noticed a hill giant
  9874 | D:9      | Killed a hill giant
  9928 | D:9      | Noticed Edmund
  9935 | D:9      | Killed Edmund
 10023 | D:7      | Bought a puce potion for 29 gold pieces
 10084 | D:9      | Bought a scroll labeled ZIEDOA HI TAGULO for 30 gold pieces
 10238 | D:9      | Found Psynas' Food Shoppe.
 10439 | D:10     | Entered Level 10 of the Dungeon
 10439 | D:10     | Found Obaijin's Antique Armour Boutique.
 10652 | D:10     | Noticed an unseen horror
 10678 | D:10     | Killed an unseen horror
 10819 | D:10     | Found a roughly hewn altar of Beogh.
 10819 | D:10     | Found a staircase to the Orcish Mines.
 11081 | D:10     | Reached skill level 10 in Polearms
 11210 | D:10     | Reached skill level 1 in Crossbows
 11785 | D:10     | Reached XP level 12. HP: 88/88 MP: 21/21
 11792 | D:10     | Acquired Fedhas' fifth power
 11826 | D:10     | Noticed Fannar
 11854 | D:10     | Killed Fannar
 12095 | D:11     | Reached skill level 5 in Invocations
 12316 | Orc:1    | Entered Level 1 of the Orcish Mines
 12838 | Orc:1    | Found Gruve's General Store.
 13376 | Orc:2    | Found Vorel's Assorted Antiques.
 13390 | Orc:2    | Bought a scroll labeled OFECAJ ROIRCHAMN for 23 gold pieces
 13402 | Orc:2    | Noticed an orc high priest
 13412 | Orc:2    | Killed an orc high priest
 13413 | Orc:2    | Noticed a soul eater
 13618 | Orc:2    | Found Viedgh Nozott's Jewellery Shoppe.
 13750 | Orc:2    | Found Kleapt's Weapon Shoppe.
 13778 | Orc:2    | Noticed Grum
 13794 | Orc:2    | Killed Grum
 13804 | Orc:2    | Found Beffejei's General Store.
 13884 | Orc:2    | Bought a potion of curing for 48 gold pieces
 14151 | D:9      | Bought a glowing shield for 121 gold pieces
 14178 | D:9      | Bought a potion of curing for 90 gold pieces
 14178 | D:9      | Bought a potion of curing for 90 gold pieces
 14198 | D:10     | You fall through a shaft!
 14298 | Orc:1    | Bought a potion of heal wounds for 60 gold pieces
 14298 | Orc:1    | Bought a scroll of enchant weapon for 90 gold pieces
 14375 | D:10     | Bought a translucent scale mail for 261 gold pieces
 14375 | D:10     | Identified the +2 scale mail of Listlessness {rElec rN+ Int+5} (You bought it in a shop on level 10 of the Dungeon)
 14765 | Orc:3    | Noticed an orc warlord
 14805 | Orc:3    | Killed an orc warlord
 15597 | Orc:4    | Entered Level 4 of the Orcish Mines
 15773 | D:7      | Bought a scratched wooden ring for 165 gold pieces
 15937 | Orc:4    | Found a staircase to the Elven Halls.
 16047 | Orc:4    | Found a roughly hewn altar of Beogh.
 16064 | Orc:4    | Found Fotomata's Jewellery Shop.
 16074 | Orc:4    | Bought an uncursed ring of poison resistance for 320 gold pieces
 16151 | Orc:4    | Found a roughly hewn altar of Beogh.
 16468 | Orc:4    | Noticed an orc warlord
 16490 | Orc:4    | Noticed Snorg
 16493 | Orc:4    | Noticed an orc high priest
 16632 | Orc:4    | Reached XP level 13. HP: 85/93 MP: 23/23
 16685 | Orc:4    | Killed an orc warlord
 16685 | Orc:4    | Reached skill level 13 in Polearms
 16700 | Orc:4    | Killed an orc high priest
 16708 | Orc:4    | Noticed an orc high priest
 16742 | Orc:4    | Killed an orc high priest
 16889 | Orc:4    | Noticed an orc high priest
 16930 | Orc:4    | Killed an orc high priest
 16981 | Orc:4    | Killed Snorg
 16981 | Orc:4    | Reached skill level 14 in Polearms
 17092 | Orc:4    | Found Ysien's Antique Weapon Shop.
 17092 | Orc:4    | Found a roughly hewn altar of Beogh.
 17094 | Orc:4    | Found Klaomek's Antique Armour Boutique.
 17334 | Orc:4    | Noticed Erica
 17349 | Orc:4    | Killed Erica
 17360 | Orc:4    | Noticed Donald
 17392 | Orc:4    | Killed Donald
 17541 | Orc:4    | Found a roughly hewn altar of Beogh.
 17541 | Orc:4    | Found Siud's Jewellery Boutique.
 17582 | Orc:4    | Bought a cursed amulet of inaccuracy for 26 gold pieces
 17697 | Orc:4    | Found a roughly hewn altar of Beogh.
 18116 | D:11     | Noticed Nessos
 18120 | D:11     | You fall through a shaft for 2 floors!
 18187 | D:12     | Reached skill level 15 in Polearms
 18748 | D:11     | Found a staircase to the Lair.
 18804 | D:11     | Killed Nessos
 19063 | D:11     | Identified a scroll of acquirement
 19068 | D:11     | Got a fine cloak
 19074 | D:11     | Identified the +2 cloak of Khepti {+Inv Str+4 Int+7 Dex-3} (You acquired it on level 11 of the Dungeon)
 20049 | Orc:4    | Bought a cursed ring of protection from cold for 286 gold pieces
 20277 | Lair:1   | Entered Level 1 of the Lair of Beasts
 20366 | Lair:1   | Reached XP level 14. HP: 77/100 MP: 24/24
 20922 | Lair:1   | Reached skill level 16 in Polearms
 22341 | Lair:2   | You fall through a shaft for 2 floors!
 22846 | Lair:2   | Gained mutation: Your flesh is cold resistant. [potion of beneficial mutation]
 22990 | Orc:4    | Bought an ichor-stained hand crossbow for 255 gold pieces
 22990 | Orc:4    | Identified the cursed +1 hand crossbow "Creyttic" {freeze, rC+ MR+} (You bought it in a shop on level 4 of the Orcish Mines)
 23287 | Lair:3   | Reached skill level 17 in Polearms
 23992 | Lair:4   | Found a hole to the Spider Nest.
 25165 | Lair:5   | Reached skill level 18 in Polearms
 25918 | Lair:5   | Reached XP level 15. HP: 63/105 MP: 25/25
 26077 | Lair:5   | Found a staircase to the Shoals.
 26198 | Lair:6   | Gained mutation: You possess an exceptional clarity of mind. [potion of beneficial mutation]
 26255 | Lair:6   | Found a frozen archway.
 26282 | IceCv    | Entered an ice cave
 26404 | IceCv    | Noticed Charly's ghost (experienced VSWr)
 26413 | IceCv    | Killed Charly's ghost
 26913 | IceCv    | Reached skill level 19 in Polearms
 28119 | Lair:6   | Reached skill level 10 in Shields
 28159 | Lair:7   | Got a fine broad axe
 28269 | Lair:6   | Identified the +6 broad axe of Khookuts {drain, Str+3} (You found it on level 7 of the Lair of Beasts)
 28538 | Lair:7   | Found a runed door.
 28538 | Lair:7   | Found a viscous altar of Jiyva.
 28538 | Lair:7   | Found a staircase to the Slime Pits.
 28538 | Lair:7   | Noticed an azure jelly
 28547 | Lair:7   | Killed an azure jelly
 29441 | Lair:8   | Entered Level 8 of the Lair of Beasts
 29644 | Lair:8   | Got a polished dagger
 29655 | Lair:8   | Reached XP level 16. HP: 107/111 MP: 26/26
 29661 | Lair:8   | Identified the +9 dagger of the Magi {elec, MR+} (You found it on level 8 of the Lair of Beasts)
 29752 | Lair:8   | Noticed Rupert
 29780 | Lair:8   | Killed Rupert
 30938 | Lair:8   | Found a runed door.
 32007 | Lair:8   | Reached skill level 15 in Shields
 33882 | D:12     | Gained mutation: Your magical capacity is low (-10% MP). [a neqoxec]
 34237 | Orc:2    | Bought an uncursed amulet of resist mutation for 560 gold pieces
 35039 | D:13     | Found a runed door.
 35222 | D:13     | Found a roughly hewn altar of Beogh.
 35463 | D:14     | Found a shadowy altar of Dithmenos.
 35474 | D:14     | Found a bloodstained altar of Trog.
 35526 | D:14     | Found a gate to the Vaults.
 35887 | D:14     | Reached XP level 17. HP: 116/119 MP: 26/26
 36599 | D:15     | Entered Level 15 of the Dungeon
 36955 | D:15     | Noticed Nergalle
 36960 | D:15     | Killed Nergalle
 36992 | D:15     | Found Ipsaul's Armour Shop.
 37087 | D:15     | Reached skill level 10 in Armour
 37716 | Orc:4    | Bought the amulet of Accord {Ward rF+ rN+ MR+} for 553 gold pieces
 38313 | D:15     | Found a staircase to the Depths.
 39007 | Lair:4   | Reached skill level 1 in Throwing
 39111 | Spider:1 | Entered Level 1 of the Spider Nest
 39991 | Spider:2 | Noticed Arachne
 40553 | Spider:2 | Killed Arachne
 42333 | Spider:2 | Reached XP level 18. HP: 124/129 MP: 27/27
 45397 | Spider:4 | Reached skill level 10 in Invocations
 45945 | Spider:5 | Entered Level 5 of the Spider Nest
 46752 | Spider:4 | Reached skill level 10 in Fighting
 46842 | Spider:5 | Got a slimy leather armour
 46853 | Spider:5 | Identified the +2 leather armour of Yredelemnul's Reproof {+Fly rN+ Dex-5 Slay+2 Stlth+} (You found it on level 5 of the Spider Nest)
 47003 | Spider:5 | Reached skill level 5 in Evocations
 47919 | Spider:5 | Reached skill level 5 in Crossbows
 48270 | Spider:5 | Reached XP level 19. HP: 97/140 MP: 28/28
 48527 | Spider:5 | Got a gossamer rune of Zot
 48824 | Shoals:1 | Entered Level 1 of the Shoals
 49194 | Shoals:1 | Got a dazzling leather armour
 49205 | Shoals:1 | Identified the +0 leather armour of Ladders and Snakes {rElec rF+ rCorr MP-9 Str-5} (You found it on level 1 of the Shoals)
 49235 | Shoals:1 | You fall through a shaft!
 49542 | Shoals:1 | Noticed Aizul
 49557 | Shoals:1 | Killed Aizul
 50594 | Vaults:1 | Entered Level 1 of the Vaults
 51125 | Vaults:1 | Noticed Saint Roka
 51491 | Vaults:1 | Killed Saint Roka
 51491 | Vaults:1 | Reached skill level 10 in Crossbows
 53011 | Vaults:1 | Found Itus Yta's Food Shoppe.
 53012 | Vaults:1 | Found Ceagosa's Food Shop.
 53304 | Orc:4    | Bought an uncursed amulet of regeneration for 480 gold pieces
 53917 | Vaults:1 | Noticed Asterion
 53927 | Vaults:1 | Killed Asterion
 53927 | Vaults:1 | Reached XP level 20. HP: 108/147 MP: 29/29
 54061 | Vaults:1 | Reached skill level 20 in Polearms
 54362 | Orc:4    | Bought the amulet "Shrus" {Stasis -Cast rElec Stlth+} for 354 gold pieces
 55286 | Vaults:2 | Found Azaex's Armour Emporium.
 55659 | Vaults:2 | Noticed Frederick
 56192 | Vaults:2 | Killed Frederick
 57470 | Vaults:2 | Reached skill level 15 in Armour
 57885 | Vaults:2 | Noticed a golden dragon
 57885 | Vaults:2 | a sphinx changed into a golden dragon
 57886 | Vaults:2 | Noticed a caustic shrike
 57886 | Vaults:2 | a golden dragon changed into a caustic shrike
 57888 | Vaults:2 | Noticed a golden dragon
 57888 | Vaults:2 | a caustic shrike changed into a golden dragon
 57893 | Vaults:2 | Killed a golden dragon
 58088 | Vaults:2 | Got a dazzling mace
 58089 | Vaults:2 | Identified the +11 mace of Usadgh {crush, Contam rF++} (You took it off an ironheart preserver on level 2 of the Vaults)
 58165 | Vaults:2 | Got an uncursed iridescent morningstar {flame}
 58166 | Vaults:2 | Identified the +5 morningstar of the Orcish Mines {flame, rElec rPois Dex+2 Stlth-} (You took it off a centaur warrior on level 2 of the Vaults)
 58506 | Vaults:3 | Reached skill level 21 in Polearms
 58611 | Vaults:3 | Reached XP level 21. HP: 153/153 MP: 30/30
 58997 | Vaults:3 | Found a staircase to the Crypt.
 58997 | Vaults:3 | Found a basalt altar of Yredelemnul.
 58998 | Vaults:3 | Found an ancient bone altar of Kikubaaqudgha.
 59024 | Vaults:3 | Got a fine arbalest
 59025 | Vaults:3 | Identified the +6 arbalest of Paper {flame, -Tele rC+ Int+4 Dex+6} (You found it on level 3 of the Vaults)
 59321 | Vaults:3 | Noticed Jorgrun
 59341 | Vaults:3 | Killed Jorgrun
 59470 | Vaults:3 | Noticed Mara
 59576 | Vaults:3 | Noticed hannobal's illusion
 59697 | Vaults:3 | Noticed hannobal's illusion
 60486 | Vaults:3 | Noticed hannobal's illusion
 60488 | Vaults:3 | Killed Mara
 61035 | Vaults:3 | Got a faintly glowing whip
 61036 | Vaults:3 | Identified the +3 whip of Karma {freeze, +Fly rPois Int+4} (You found it on level 3 of the Vaults)
 62625 | Vaults:4 | Reached skill level 22 in Polearms
 63279 | Vaults:4 | Found Kuneaph's Assorted Antiques.
 64579 | Shoals:2 | Reached XP level 22. HP: 114/163 MP: 30/30
 65200 | Shoals:3 | Noticed Agnes
 65204 | Shoals:3 | Killed Agnes
 65307 | Shoals:3 | Noticed Nikola
 65314 | Shoals:3 | Noticed Kirke
 65334 | Shoals:2 | Killed Nikola
 65334 | Shoals:2 | Reached skill level 23 in Polearms
 65407 | Shoals:3 | Killed Kirke
 65435 | Shoals:3 | Noticed Polyphemus
 65455 | Shoals:3 | Killed Polyphemus
 66123 | Vaults:2 | Bought the +10 plate armour of the Buccaneer {rPois rF+ Int+2} for 1144 gold pieces
 66642 | Shoals:3 | Noticed Wiglaf
 66662 | Shoals:3 | Killed Wiglaf
 67560 | Shoals:5 | Entered Level 5 of the Shoals
 67589 | Shoals:5 | Noticed Ilsuiw
 67745 | Shoals:5 | Killed Ilsuiw
 67861 | Shoals:5 | Reached skill level 24 in Polearms
 68269 | Shoals:5 | Got a barnacled rune of Zot
 68300 | Shoals:5 | Found Kovamo's Armour Boutique.
 68679 | Shoals:5 | Got a transparent jade ring
 68680 | Shoals:5 | Identified the ring of Jolosh {+Fly rN+ Int-2 SInv Stlth+} (You found it on level 5 of the Shoals)
 69094 | Elf:1    | Entered Level 1 of the Elven Halls
 69322 | Elf:1    | Identified Joibab's Collected Works on Attacks
 69757 | Vaults:4 | Bought an onyx ring for 230 gold pieces
 70133 | Elf:1    | Reached XP level 23. HP: 163/169 MP: 31/31
 70363 | Elf:1    | Found Mipaby's Jewellery Shoppe.
 71104 | Elf:2    | Found Klubb's Food Emporium.
 71107 | Elf:2    | Bought 3 fruits for 49 gold pieces
 71107 | Elf:2    | Bought 2 fruits for 33 gold pieces
 71394 | Elf:2    | Got a distressingly furry leather armour
 71395 | Elf:2    | Identified the +2 leather armour "Hero's Friend" {MP+9 Stlth+} (You found it on level 2 of the Elven Halls)
 71573 | Elf:3    | Entered Level 3 of the Elven Halls
 72266 | Elf:3    | Reached skill level 25 in Polearms
 72828 | Depths:1 | Entered Level 1 of the Depths
 73204 | Depths:1 | Found a one-way gate leading to the halls of Pandemonium.
 73442 | Vaults:1 | Bought 2 fruits for 39 gold pieces
 73447 | Vaults:1 | Bought a fruit for 21 gold pieces
 73665 | Orc:2    | Bought 4 fruits for 96 gold pieces
 73872 | Depths:1 | Found a one-way gate to the infinite horrors of the Abyss.
 74160 | Depths:1 | Found a runed door.
 74249 | Depths:1 | Got a transparent ivory ring
 74258 | Depths:1 | Identified the ring "Bodattyt" {MR+ Str+4} (You found it on level 1 of the Depths)
 74592 | Depths:1 | Found a gateway to Hell.
 75101 | Hell     | Entered the Vestibule of Hell
 75333 | Depths:2 | Reached XP level 24. HP: 168/184 MP: 32/32
 75690 | Depths:2 | Reached skill level 5 in Dodging
 77395 | Depths:2 | Reached skill level 10 in Dodging
 78217 | Depths:3 | Got a tattered robe
 78218 | Depths:3 | Identified the +0 robe of Imperfection {MR+} (You found it on level 3 of the Depths)
 78328 | Depths:3 | Reached skill level 10 in Evocations
 78334 | Depths:3 | Reached XP level 25. HP: 172/191 MP: 32/32
 78968 | Depths:4 | Reached skill level 15 in Fighting
 79012 | Depths:4 | Learned a level 1 spell: Apportation
 79143 | Depths:4 | Noticed an ancient lich
 79158 | Depths:4 | Killed an ancient lich
 79376 | Depths:4 | Reached skill level 1 in Spellcasting
 79387 | Depths:4 | Reached skill level 1 in Translocations
 79459 | Depths:4 | Got a crude lapis lazuli ring
 79460 | Depths:4 | Identified the ring "Focwyej" {MP+9 Int+4} (You found it on level 4 of the Depths)
 79992 | Depths:4 | Noticed Maud
 80010 | Depths:4 | Killed Maud
 80055 | Depths:4 | Got a distressingly furry ice dragon armour
 80056 | Depths:4 | Identified the +1 ice dragon armour of a Hundred Curses {rF- rC++ rN+ rCorr Int+2} (You found it on level 4 of the Depths)
 80186 | Depths:4 | Identified the Reference Book on Supportive Cold (You found it on level 4 of the Depths)
 80781 | Lair:2   | Learned a level 3 spell: Portal Projectile
 80786 | Lair:2   | Learned a level 4 spell: Passage of Golubria
 80792 | Lair:2   | Learned a level 5 spell: Silence
 80799 | Lair:2   | Learned a level 6 spell: Deflect Missiles
 81037 | Vaults:4 | Bought a runed bronze ring for 230 gold pieces
 81412 | Elf:1    | Bought the ring "Khi Neir" {SustAb +Blink +Inv rF- rN+} for 642 gold pieces
 81545 | Orc:4    | Bought an uncursed ring of protection from fire for 325 gold pieces
 81940 | Depths:5 | Entered Level 5 of the Depths
 81991 | Depths:5 | Reached skill level 5 in Translocations
 82718 | Depths:5 | Found a gateway to a ziggurat.
 82749 | Depths:5 | Reached XP level 26. HP: 88/204 MP: 33/33
 83317 | Depths:5 | Found a gate to the Realm of Zot.
 84349 | Slime:1  | Entered Level 1 of the Pits of Slime
 84366 | Slime:2  | Gained mutation: Armour fits poorly on your strangely shaped body. [a shining eye]
 84597 | Slime:4  | Splashed with acid

Action                   |  1- 3 |  4- 6 |  7- 9 | 10-12 | 13-15 | 16-18 | 19-21 | 22-24 | 25-27 || total
-------------------------+-------+-------+-------+-------+-------+-------+-------+-------+-------++-------
Melee: Trident           |    99 |   113 |       |    50 |    20 |       |       |       |       ||   282
       Hand axe          |       |    18 |   291 |   884 |   865 |       |       |       |       ||  2058
       Quarterstaff      |       |     3 |       |       |       |       |       |       |       ||     3
       Battleaxe         |       |       |       |       |   204 |    13 |       |       |       ||   217
       Bardiche          |       |       |       |       |   212 |  1587 |  1501 |  1662 |   769 ||  5731
       Staff             |       |       |       |       |     4 |       |       |       |       ||     4
       Glaive            |       |       |       |       |       |       |       |   173 |       ||   173
 Fire: Hunting sling     |       |     2 |       |       |       |       |       |       |       ||     2
       Shortbow          |       |       |     2 |       |       |       |       |       |       ||     2
       Arbalest          |       |       |       |    16 |       |       |    39 |   128 |    24 ||   207
       Hand crossbow     |       |       |       |       |    43 |     9 |    97 |    16 |       ||   165
       Blowgun           |       |       |       |       |       |   108 |     1 |       |       ||   109
Throw: Stone             |     2 |     7 |    33 |     7 |       |       |       |       |       ||    49
       Tomahawk          |       |       |       |    29 |    13 |       |       |       |       ||    42
       Javelin           |       |       |       |     4 |     2 |    28 |    20 |    11 |     6 ||    71
Invok: Evolution         |       |       |     4 |    12 |    52 |    27 |    39 |    13 |     7 ||   154
       Reproduction      |       |       |       |       |     1 |       |     1 |       |       ||     2
       Growth            |       |       |       |       |       |     1 |     2 |     1 |       ||     4
       Rain              |       |       |       |       |       |       |     1 |     1 |       ||     2
       Sunlight          |       |       |       |       |       |       |     1 |       |       ||     1
 Abil: Dig               |       |     4 |    15 |    26 |    17 |    60 |     4 |    45 |    22 ||   193
       Shaft Self        |       |       |       |       |     1 |       |       |       |       ||     1
       Evoke Flight      |       |       |       |       |       |       |     1 |    19 |    10 ||    30
Evoke: Wand              |       |       |     4 |    18 |     1 |     2 |       |     6 |     1 ||    32
       Fan of gales      |       |       |       |       |       |     1 |     1 |     1 |       ||     3
       Box of beasts     |       |       |       |       |       |       |     1 |       |       ||     1
       Phantom mirror    |       |       |       |       |       |       |     1 |       |       ||     1
  Use: Scroll            |     5 |     2 |     6 |    14 |    12 |     8 |    12 |    15 |     5 ||    79
       Potion            |     3 |     2 |     1 |     3 |     6 |     9 |     3 |       |     1 ||    28
 Stab: Confused          |       |       |     1 |     7 |     8 |     9 |    11 |     7 |     1 ||    44
       Distracted        |       |       |       |     2 |     2 |     4 |     6 |     2 |       ||    16
       Held in net/web   |       |       |       |       |       |     1 |       |       |       ||     1
       Petrified         |       |       |       |       |       |       |       |     2 |       ||     2
  Eat: Chunk             |       |     6 |     7 |    28 |    20 |    38 |    21 |    41 |    15 ||   176
       Beef jerky        |       |       |     2 |     3 |     4 |     8 |     5 |     2 |       ||    24
       Pizza             |       |       |     1 |       |     2 |     3 |     1 |       |       ||     7
       Royal jelly       |       |       |     1 |       |     1 |       |     1 |     1 |       ||     4
       Bread ration      |       |       |       |     1 |     2 |     2 |     5 |     2 |     4 ||    16
